 Dungeon Crawl Stone Soup version 0.25.0-15-gac7dcb8919 (webtiles) character file.

Game seed: 13430680276933931025

154 tilp the Sneak (level 5, -7/24 HPs)
             Began as a Spriggan Enchanter on June 28, 2020.
             Was an Initiate of Makhleb.
             Killed by divine providence
             ... invoked by an orc priest
              (16 damage)
             ... on level 3 of the Dungeon.
             The game lasted 00:07:55 (3539 turns).

tilp the Sneak (Spriggan Enchanter)                 Turns: 3539, Time: 00:07:56

Health: -7/24      AC:  2    Str:  4    XL:     5   Next: 13%
Magic:  4/12       EV: 18    Int: 18    God:    Makhleb [......]
Gold:   109        SH:  0    Dex: 16    Spells: 3/12 levels left

rFire    . . .     SeeInvis +   a - +1 dagger
rCold    . . .     Gourm    .   (shield restricted)
rNeg     . . .     Faith    .   b - +0 robe
rPois    .         Spirit   .   (helmet restricted)
rElec    .         Reflect  .   (no cloak)
rCorr    .         Harm     .   (gloves unavailable)
MR       .....                  (boots unavailable)
Stlth    +++.......             (no amulet)
HPRegen  0.08/turn              (no ring)
MPRegen  0.13/turn              (no ring)

@: very slightly contaminated, very quick
A: very small, unfitting armour, see invisible, herbivore, speed 3, slow
metabolism 2
a: Renounce Religion


You were on level 3 of the Dungeon.
You worshipped Makhleb.
Makhleb was noncommittal.
You were very hungry.

You visited 1 branch of the dungeon, and saw 3 of its levels.

You collected 109 gold pieces.

Inventory:

Hand Weapons
 a - a +1 dagger (weapon)
 f - a cursed -1 falchion
Armour
 b - a +0 robe (worn)
Scrolls
 d - 2 scrolls of fear
 e - a scroll of blinking {unknown}
 h - a scroll of identify {unknown}
 n - a scroll of fog {unknown}
Potions
 i - 2 potions of heal wounds {unknown}
 j - 3 potions of curing {unknown}
 k - a potion of might {unknown}
 m - a potion of lignification {unknown}
Comestibles
 c - 6 rations


   Skills:
 + Level 3.4 Short Blades
 - Level 3.0 Dodging
 + Level 6.6 Stealth
 - Level 4.0 Spellcasting
 - Level 3.6 Hexes


You had 3 spell levels left.
You knew the following spells:

 Your Spells              Type           Power        Failure   Level  Hunger
a - Corona                Hex            ###....      3%          1    None
b - Ensorcelled Hibernat  Hex/Ice        ##....       11%         2    ##.....
c - Confusing Touch       Hex            ###.....     10%         3    ###....
d - Tukima's Dance        Hex            ###.....     10%         3    ###....

Your spell library contained the following spells:

 Spells                   Type           Power        Failure   Level  Hunger
 Dazzling Flash           Conj/Hex       ##....       22%         3    ###....


Dungeon Overview and Level Annotations

Branches:
Dungeon (3/15)

Altars:
Hepliaklqana
Makhleb


Innate Abilities, Weirdness & Mutations

You are very small and have problems with some larger weapons.
You are too small for most types of armour.
You have supernaturally acute eyesight. (SInv)
You are a herbivore.
You cover ground extremely quickly.
You need to consume almost no food.


Message History

Confirm with . or Enter, or press ? or * to list all spells.
Aiming: Ensorcelled Hibernation (safe; 11% risk of failure)
Press: ? - help, Shift-Dir - straight line, f/p - orc
Aim: an orc, wielding a +0 flail and wearing a +0 chain mail (chance to defeat MR: 59%)
The orc looks drowsy...
You are feeling very hungry.
The helpless orc fails to defend itself.
You impale the orc!!
You kill the orc!
Makhleb accepts your kill.
Casting: Ensorcelled Hibernation (safe; 11% risk of failure)
Confirm with . or Enter, or press ? or * to list all spells.
Aiming: Ensorcelled Hibernation (safe; 11% risk of failure)
Press: ? - help, Shift-Dir - straight line, f - orc priest
Aim: an orc priest (chance to defeat MR: 41%)
The orc priest resists with some effort.
The orc priest mumbles some strange prayers to Beogh against you.
Beogh smites you!
Ouch! That really hurt!
You die...

## .. ## . ##.. ..o. #
#########o.#### #####
#####....@#..o.....
....####.........oo##.....
##..............)### ...
######.####.....# #
####...(# #.....#
)....#### #..%..# ######
########## #####
#........# ....###
#........#


You could see an orc priest and an orc.

Vanquished Creatures
  A hound (D:2)
  2 orc wizards (D:3)
  An adder (D:2)
  A worm (D:2)
  A dart slug (D:2)
  2 leopard geckos
  7 orcs
  A ball python (D:2)
  9 bats
  3 giant cockroaches
  4 goblins
  10 hobgoblins
  A frilled lizard (D:2)
  5 kobolds
  A leopard gecko zombie (D:2)
  6 rats
55 creatures vanquished.

Notes
Turn   | Place    | Note
-------+----------+-------------------------------------------
     0 | D:1      | tilp the Spriggan Enchanter began the quest for the Orb.
     0 | D:1      | Reached XP level 1. HP: 9/9 MP: 5/5
   377 | D:1      | Reached XP level 2. HP: 13/13 MP: 5/7
   381 | D:1      | Learned a level 2 spell: Ensorcelled Hibernation
  1077 | D:2      | Reached skill level 5 in Stealth
  1486 | D:2      | Found a burning altar of Makhleb.
  1489 | D:2      | Reached XP level 3. HP: 16/16 MP: 9/9
  1493 | D:2      | Became a worshipper of Makhleb the Destroyer
  1712 | D:2      | Reached XP level 4. HP: 14/21 MP: 5/10
  1717 | D:2      | Learned a level 3 spell: Confusing Touch
  1721 | D:2      | Learned a level 3 spell: Tukima's Dance
  2404 | D:2      | Found a faded altar of an unknown god.
  3006 | D:2      | Reached skill level 6 in Stealth
  3185 | D:3      | Found a hazy altar of Hepliaklqana.
  3433 | D:3      | Reached XP level 5. HP: 20/24 MP: 9/12
  3539 | D:3      | Killed from afar by an orc priest

Illustrated notes

Levels and vault maps discovered:
D:1:      heliophobic_arrival_battle_scene, layout_basic,
          chequers_serial_rivers_large_b, minmay_misc_feat_tower
D:2:      layout_basic, chequers_ecumenical_altar_simple_redux, chequers_garden,
          grunt_ministairs_9, makhleb_blood_cavern_becter
D:3:      layout_rooms, old_standard_altar, lemuel_round_altar, first_ration,
          fedhas_altar_2

Skill      XL: |  1  2  3  4 |
---------------+-------------+-----
Spellcasting   | 3 4 |  4.0
Short Blades   | 2 3 |  3.4
Stealth        | 5 6 |  6.6
Dodging        | |  3.0
Hexes          | |  3.6

Action                   |  1- 3 |  4- 6 || total
-------------------------+-------+-------++-------
Melee: Dagger            |    75 |   108 ||   183
 Cast: Corona            |     5 |       ||     5
       Ensorcelled Hiber |    17 |    35 ||    52
       Confusing Touch   |       |     2 ||     2
  Use: Scroll            |     1 |     3 ||     4
 Stab: Sleeping          |    21 |    15 ||    36
       Confused          |       |     3 ||     3
  Eat: Ration            |       |     1 ||     1
Armor: Robe              |     4 |     8 ||    12
Dodge: Dodged            |    45 |    76 ||   121
